 Dungeon Crawl Stone Soup version 0.29-a0-11-ga75d3d97ab (webtiles) character file.

Game seed: 6063845483357988441

49 issech the Cudgeller (level 3, -3/36 HPs)
             Began as a Troll Monk on Jan 29, 2022.
             Slain by a gnoll (5 damage)
             ... on level 1 of the Dungeon.
             The game lasted 00:02:48 (1078 turns).

issech the Cudgeller (Troll Monk)                   Turns: 1078, Time: 00:02:49

Health: -3/36      AC:  4    Str: 19    XL:     3   Next: 51%
Magic:  2/2        EV: 10    Int:  6    God:
Gold:   84         SH:  0    Dex: 14    Spells: 2/2 levels left

rFire   . . .      SeeInvis .   a - +0 mace
rCold   . . .      Faith    .   (no shield)
rNeg    . . .      Spirit   .   b - +0 robe
rPois   .          Reflect  .   (helmet restricted)
rElec   .          Harm     .   (no cloak)
rCorr   .          Rampage  .   (gloves unavailable)
Will    .....                   (boots unavailable)
Stlth   ++........              (no amulet)
HPRegen 0.92/turn               (no ring)
MPRegen 0.08/turn               (no ring)

@: no status effects
A: large, unfitting armour, claws 3, regeneration 1, shaggy fur 1, tough skin 1
a: no special abilities


You were on level 1 of the Dungeon.
You visited 1 branch of the dungeon, and saw 2 of its levels.

You collected 84 gold pieces.

Inventory:

Hand Weapons
 a - a +0 mace (weapon)
Missiles
 e - a stone (quivered)
 g - 18 bolts
 h - 17 arrows
Armour
 b - a +0 robe (worn)
Scrolls
 d - a scroll of identify {unknown}
Potions
 c - a potion of haste {unknown}
 f - a potion of lignification {unknown}


   Skills:
 + Level 2.8 Fighting
 + Level 3.2 Maces & Flails
 + Level 2.8 Dodging
 + Level 1.2 Stealth


You had 2 spell levels left.
You didn't know any spells.
Your spell library was empty.

Dungeon Overview and Level Annotations

Branches:
Dungeon (2/15)

Altars:


Innate Abilities, Weirdness & Mutations

You are too large for most types of armour.
You have claws for hands.
Your natural rate of healing is unusually fast.
You are covered in fur. (AC +1)
You have tough skin. (AC +1)


Message History

The gnoll hits you with a +0 flail! The gnoll closely misses you.
The gnoll hits you with a +0 flail!
* * * LOW HITPOINT WARNING * * *
The gnoll misses you.
There is a stone staircase leading up here.
The gnoll barely misses you.
You climb upwards.
There is a stone staircase leading down here.
You hit the gnoll.
You kill the gnoll!
You start resting.
HP restored.
Things that are here:
a +0 flail; a gnoll corpse
There is a stone staircase leading down here.
You climb downwards.
The gnoll hits you with a +0 halberd of protection.
The gnoll closely misses you.
The gnoll hits you with a +0 halberd of protection.
The gnoll hits you from afar with a +0 spear.
There is a stone staircase leading up here.
You hit the gnoll but do no damage.
The gnoll hits you with a +0 halberd of protection!
The gnoll hits you but does no damage.
You barely miss the gnoll.
The gnoll hits you with a +0 halberd of protection!
The gnoll hits you from afar with a +0 spear!
* * * LOW HITPOINT WARNING * * *
The gnoll barely misses you. The gnoll closely misses you.
The gnoll hits you with a +0 flail.
* * * LOW HITPOINT WARNING * * *
You climb upwards.
There is a stone staircase leading down here.
You completely miss the gnoll.
The gnoll hits you with a +0 halberd of protection.
* * * LOW HITPOINT WARNING * * *
The gnoll hits you with a +0 flail.
* * * LOW HITPOINT WARNING * * *
The gnoll hits you with a +0 halberd of protection.
You die...

#.##.......##..#
#.##...###
#.##...........#
####...#..
#.######..###..#
###.#### #.# #..#.#..#
#.#.#.# #.#
####....#..# #b#.#.##
#.# #..........#
#P#.#.P. #.#
#..........####
#P#.####
####.###[.....g...##.#
#.#.....
#......)......@#..##.#
#P######
#......####...g#.....#
#P..PP..
#.................####
#P###.##
#......###.....####
#.#.#.#
#......#####.###
###.####
##............# #.###.
#.......##...## #.....
#.########.#.# #####.
#.########.#.# #.


You could see 2 gnolls.

Vanquished Creatures
  A gnoll (D:1)
  A worm (D:2)
  3 dart slugs
  A ball python (D:1)
  3 endoplasms (D:1)
  2 goblins (D:1)
  A hobgoblin (D:1)
  3 quokkas (D:1)
  4 bats (D:1)
  2 frilled lizards (D:1)
  A kobold (D:1)
  10 rats (D:1)
32 creatures vanquished.

Notes
Turn   | Place    | Note
-------+----------+-------------------------------------------
     0 | D:1      | issech the Troll Monk began the quest for the Orb.
     0 | D:1      | Reached XP level 1. HP: 22/22 MP: 0/0
   313 | D:1      | Reached XP level 2. HP: 29/29 MP: 1/1
   424 | D:1      | Reached skill level 3 in Maces & Flails
   797 | D:1      | Reached XP level 3. HP: 36/36 MP: 2/2
  1078 | D:1      | Slain by a gnoll

Illustrated notes

Levels and vault maps discovered:
D:1:      co_arrival_random_square_maze, layout_basic, serial_aquarium,
          aquarium_bridge_square [aquarium_subvault_balcony,
          aquarium_subvault_bridge, aquarium_subvault_bridge,
          aquarium_subvault_wall], aquarium_window_corner, aquarium_window_3,
          aquarium_window_2, aquarium_window_fake, aquarium_view_2f,
          aquarium_view_2d, aquarium_pool_2, solitary_fountain,
          minmay_rat_gold_closets
D:2:      layout_basic, nicolae_ecumenical_snake_handling, uniq_natasha

Skill      XL: |  1  2 |
---------------+-------+-----
Maces & Flails | 3 |  3.2
Fighting       | |  2.8
Dodging        | |  2.8
Stealth        | |  1.2

Action                   || total
-------------------------++-------
Melee: Mace              ||    98
       Punch             ||     2
 Stab: Sleeping          ||     4
Armor: Robe              ||    41
Dodge: Dodged            ||    66

Table legend: (Time is in decaauts)
 A = Elapsed time spent in this place.
 B = Non-inter-level travel time spent in this place.
 C = Inter-level travel time spent in this place.
 D = Time resting spent in this place.
 E = Time spent auto-exploring this place.
 F = Levels seen in this place.
 G = Mean time per level.
                   A        B        C        D        E       F      G
               +--------+--------+--------+--------+--------+-----+--------+
         Total |   1103 |   1067 |     36 |     18 |    587 |   2 |  551.5 |
       Dungeon |   1103 |   1067 |     36 |     18 |    587 |   2 |  551.5 |
               +--------+--------+--------+--------+--------+-----+--------+

Top non-repeatable levels by time:
     D:1: 1046 daAuts
     D:2: 57 daAuts
